Senators vs Knights
Created - February 17, 2019 at 21:37
Goals
|
| Senators |
2 |
1 |
1 |
4 |
| Knights |
1 |
4 |
2 |
7 |
|
Shots
|
| Senators |
16 |
10 |
9 |
35 |
| Knights |
4 |
23 |
9 |
36 |
|
1st period
1. Knights , Pavel Buchnevich 38 (Ronalds Kenins 2) at 8:50
2. Senators , Nick Foligno 24 (Tommy Wingels 35, Olli Maatta 14) at 9:23
3. Senators , Gabriel Bourque 35 (Stephane Da Costa 46, Brad Thiessen) at 10:35 (PP)
Penalties :
Miro Aaltonen (Lon) for Roughing (Minor) at 10:20, Jaccob Slavin (Lon) for Hooking (Minor) at 11:18, Tom Wilson (Lon) for Cross-checking (Minor) at 17:05
2nd period
4. Knights , Noel Acciari 30 (Ronalds Kenins 3) at 4:34
5. Knights , Ronalds Kenins 1 (Pavel Buchnevich 24, Noel Acciari 60) at 4:50
6. Knights , Jaccob Slavin 15 (Noel Acciari 61) at 4:54 (PP)
7. Senators , Matt Frattin 20 (Grant Besse 6) at 8:59
8. Knights , Linden Vey 18 (Boone Jenner 21, Miro Aaltonen 30) at 11:19
Penalties :
Collin Miller (Lon) for Hooking (Minor) at 0:27, Matt Frattin (BIN) for Interference (Minor) at 4:53
3rd period
9. Knights , Josh Bailey 16 (Miro Aaltonen 31) at 1:44
10. Knights , Tom Wilson 11 (Brendan Gaunce 14, Michael Matheson 12) at 4:40
11. Senators , Stephane Da Costa 36 (Keegan Lowe 6, Gabriel Bourque 53) at 10:20
Penalties :
Grant Besse (BIN) for Hooking (Minor) at 18:06
Goalie Stats
Ben Bishop (BIN), 25 saves from 28 shots - (0.893), L, 7-14-0, 35:06 minutes
Brad Thiessen (BIN), 4 saves from 8 shots - (0.500), 24:54 minutes
Ben Scrivens (Lon), 31 saves from 35 shots - (0.886), W, 22-11-3, 60:00 minutes
Players Stats for Senators
Player Name G A P +/- PIM S H SB GA TA FO MP PP MP PK MP
------------------------------------------------------------------------------------
Andy Andreoff 0 0 0 -1 0 2 1 0 0 0 0/0 11:31 0:00 0:42
Arturs Kulda 0 0 0 -2 0 2 1 3 1 0 0/0 27:30 4:27 0:57
Blake Coleman 0 0 0 0 0 0 0 0 0 0 0/0 0:17 0:03 0:00
Brett Bulmer 0 0 0 0 0 0 0 0 0 0 0/0 0:17 0:03 0:00
Chandler Stephenson 0 0 0 0 0 2 0 0 0 0 4/7 10:54 0:00 0:00
Dylan Blujus 0 0 0 0 0 1 1 1 0 0 0/0 13:04 0:00 0:00
Gabriel Bourque 1 1 2 -1 0 2 1 1 2 2 3/5 21:53 4:21 0:58
Grant Besse 0 1 1 0 2 0 0 2 1 0 0/0 11:10 0:03 0:00
Keegan Lowe 0 1 1 0 0 2 0 1 0 2 0/0 13:04 0:00 0:00
Mason Geertsen 0 0 0 0 0 0 0 2 0 0 0/0 2:37 0:00 0:00
Matt Frattin 1 0 1 -1 2 3 1 0 1 0 2/2 21:08 4:21 0:14
Nick Foligno 1 0 1 -1 0 2 2 0 1 0 0/0 15:25 1:48 0:14
Olli Maatta 0 1 1 -2 0 1 1 1 0 0 0/0 24:53 4:27 0:57
Phil Di Giuseppe 0 0 0 0 0 3 0 0 0 1 0/0 11:20 0:00 0:26
Samuel Morin 0 0 0 -1 0 0 0 2 0 0 0/0 19:26 1:45 0:57
Scott Harrington 0 0 0 -1 0 0 2 1 0 0 0/0 19:26 1:45 0:57
Sebastian Wannstrom 0 0 0 -1 0 1 0 0 0 0 0/0 10:49 0:00 0:00
Stephane Da Costa 1 1 2 -1 0 8 1 1 2 1 17/35 21:56 4:21 1:01
Tomas Jurco 0 0 0 -1 0 2 2 0 0 0 0/0 15:11 1:48 0:00
Tommy Wingels 0 1 1 -1 0 4 0 0 0 0 7/15 15:11 1:48 0:00
Zemgus Girgensons 0 0 0 -1 0 0 0 1 0 0 0/1 11:02 0:00 0:13
Players Stats for Knights
Player Name G A P +/- PIM S H SB GA TA FO MP PP MP PK MP
------------------------------------------------------------------------------------
Boone Jenner 0 1 1 1 0 2 1 0 0 0 2/5 11:43 0:10 0:37
Brandon Saad 0 0 0 1 0 0 1 0 0 0 0/0 13:50 0:56 2:26
Brendan Gaunce 0 1 1 1 0 1 0 0 1 0 3/5 8:14 0:00 0:00
Collin Miller 0 0 0 1 2 1 1 0 0 1 0/0 17:51 0:42 1:04
Jaccob Slavin 1 0 1 1 2 1 1 4 0 0 0/0 26:18 1:12 2:28
Jordan Martinook 0 0 0 1 0 3 0 0 0 0 0/0 8:14 0:00 0:00
Josh Bailey 1 0 1 -1 0 3 2 0 0 0 0/1 17:59 0:44 1:58
Linden Vey 1 0 1 1 0 3 0 1 0 0 0/0 10:35 0:10 0:00
Ludwig Bystrom 0 0 0 1 0 2 2 2 1 1 0/0 15:38 0:00 1:55
Matthew Benning 0 0 0 1 0 0 1 3 0 3 0/0 13:34 0:00 0:22
Michael Matheson 0 1 1 1 0 5 1 1 0 0 0/0 22:46 0:42 3:03
Michael Raffl 0 0 0 -1 0 2 1 0 0 0 0/0 20:42 0:45 3:41
Miro Aaltonen 0 2 2 -1 2 1 2 0 1 0 6/15 15:57 0:44 0:00
Noel Acciari 1 2 3 2 0 3 3 0 0 2 18/34 22:04 1:00 3:37
Pavel Buchnevich 1 1 2 2 0 5 1 0 0 0 3/4 17:59 1:00 0:00
Ronalds Kenins 1 2 3 2 0 2 3 1 1 1 0/1 17:14 0:13 0:05
Tom Wilson 1 0 1 1 2 2 1 0 1 0 0/0 8:41 0:00 0:00
Zach Trotman 0 0 0 1 0 0 2 1 1 0 0/0 24:25 1:12 3:32
3 Stars
1 - Ronalds Kenins (Lon)
2 - Noel Acciari (Lon)
3 - Pavel Buchnevich (Lon)
Power Play
Senators - 1 on 4 Attempt(s) - 25.00%
Knights - 1 on 2 Attempt(s) - 50.00%
Penalty Kill
Senators - 1 on 2 Attempt(s) - 50.00%
- Score 0 goal in Penalty Kill
Knights - 3 on 4 Attempt(s) - 75.00%
- Score 0 goal in Penalty Kill
Team Stat
Senators - Hits : 13 - Faceoff Wins : 33 - Blocked Shots : 16 - Penalty Minutes : 4
Knights - Hits : 23 - Faceoff Wins : 32 - Blocked Shots : 13 - Penalty Minutes : 8
Official
Referees : Unknown
Linesman : Unknown
Game Notes
Ben Bishop enters game at 4:54 of 2nd period
Finance
Level 1 -- Attendance: 1543 (77.15%) -- Ticket Income $38,575
Level 2 -- Attendance: 786 (78.60%) -- Ticket Income $10,218
Total Attendance: 2329 (77.63%)
Total Ticket Income: $48,793
Other Income: $2,440
Total Income: $51,233
Senators
5 vs 5 Forward
Center Left Wing Right Wing Time % Phy DF OF
1 Stephane Da Costa Gabriel Bourque Matt Frattin 40 1 2 2
2 Tommy Wingels Nick Foligno Tomas Jurco 30 1 2 2
3 Zemgus Girgensons Andy Andreoff Sebastian Wannstrom 20 1 2 2
4 Chandler Stephenson Phil Di Giuseppe Grant Besse 10 1 2 2
5 vs 5 Defense
Defense Defense Time % Phy DF OF
1 Arturs Kulda Olli Maatta 40 1 2 2
2 Samuel Morin Scott Harrington 30 1 2 2
3 Dylan Blujus Keegan Lowe 20 1 2 2
4 Mason Geertsen Arturs Kulda 10 1 2 2
PowerPlay Forward
Center Left Wing Right Wing Time % Phy DF OF
1 Stephane Da Costa Gabriel Bourque Matt Frattin 60 1 2 2
2 Tommy Wingels Nick Foligno Tomas Jurco 40 1 2 2
PowerPlay Defense
Defense Defense Time % Phy DF OF
1 Arturs Kulda Olli Maatta 60 1 2 2
2 Samuel Morin Scott Harrington 40 1 2 2
Penalty Kill 4 Players Forward
Center Wing Time % Phy DF OF
1 Stephane Da Costa Gabriel Bourque 60 1 2 2
2 Nick Foligno Matt Frattin 40 1 2 2
Penalty Kill 4 Players Defense
Defense Defense Time % Phy DF OF
1 Arturs Kulda Olli Maatta 60 1 2 2
2 Samuel Morin Scott Harrington 40 1 2 2
Penalty Kill - 3 Players Forward
Forward Time % Phy DF OF
1 Stephane Da Costa 60 1 2 2
2 Gabriel Bourque 40 1 2 2
Penalty Kill - 3 Players Defense
Defense Defense Time % Phy DF OF
1 Arturs Kulda Olli Maatta 60 1 2 2
2 Samuel Morin Scott Harrington 40 1 2 2
4 vs 4 Forward
Center Wing Time % Phy DF OF
1 Stephane Da Costa Gabriel Bourque 60 1 2 2
2 Nick Foligno Matt Frattin 40 1 2 2
4 vs 4 Defense
Defense Defense Time % Phy DF OF
1 Arturs Kulda Olli Maatta 60 1 2 2
2 Samuel Morin Scott Harrington 40 1 2 2
Last Minutes Offensive
Center Left Wing Right Wing Defense Defense
Stephane Da Costa Gabriel Bourque Matt Frattin Arturs Kulda Olli Maatta
Last Minutes Defensive
Center Left Wing Right Wing Defense Defense
Stephane Da Costa Gabriel Bourque Matt Frattin Arturs Kulda Olli Maatta
Goaltenders
Starting : Brad Thiessen
Backup : Ben Bishop
Extra Forwards
Normal : Brett Bulmer, Blake Coleman, Andy Andreoff - PP : Brett Bulmer, Blake Coleman - PK : Andy Andreoff
Extra Defensemen
Normal : Dylan Blujus, Keegan Lowe, Mason Geertsen - PP : Dylan Blujus - PK : Keegan Lowe, Mason Geertsen
Penalty Shots
Stephane Da Costa, Gabriel Bourque, Nick Foligno, Matt Frattin, Tommy Wingels
Scratches
Johannes Salmonsson (Suspend)
Knights
5 vs 5 Forward
Center Left Wing Right Wing Time % Phy DF OF
1 Noel Acciari Ronalds Kenins Pavel Buchnevich 40 1 2 2
2 Miro Aaltonen Michael Raffl Josh Bailey 30 1 2 2
3 Boone Jenner Brandon Saad Linden Vey 20 1 2 2
4 Brendan Gaunce Jordan Martinook Tom Wilson 10 1 2 2
5 vs 5 Defense
Defense Defense Time % Phy DF OF
1 Zach Trotman Jaccob Slavin 40 1 2 2
2 Collin Miller Michael Matheson 32 1 1 3
3 Matthew Benning Ludwig Bystrom 18 1 2 2
4 Michael Matheson Jaccob Slavin 10 1 2 2
PowerPlay Forward
Center Left Wing Right Wing Time % Phy DF OF
1 Noel Acciari Michael Raffl Pavel Buchnevich 60 1 1 3
2 Miro Aaltonen Brandon Saad Josh Bailey 40 1 1 3
PowerPlay Defense
Defense Defense Time % Phy DF OF
1 Jaccob Slavin Zach Trotman 60 0 1 4
2 Michael Matheson Collin Miller 40 0 1 4
Penalty Kill 4 Players Forward
Center Wing Time % Phy DF OF
1 Noel Acciari Michael Raffl 60 1 3 1
2 Josh Bailey Brandon Saad 40 1 3 1
Penalty Kill 4 Players Defense
Defense Defense Time % Phy DF OF
1 Zach Trotman Jaccob Slavin 60 1 3 1
2 Michael Matheson Ludwig Bystrom 40 1 3 1
Penalty Kill - 3 Players Forward
Forward Time % Phy DF OF
1 Michael Raffl 60 0 4 1
2 Noel Acciari 40 0 4 1
Penalty Kill - 3 Players Defense
Defense Defense Time % Phy DF OF
1 Zach Trotman Michael Matheson 60 1 3 1
2 Jaccob Slavin Ludwig Bystrom 40 1 3 1
4 vs 4 Forward
Center Wing Time % Phy DF OF
1 Miro Aaltonen Josh Bailey 60 1 2 2
2 Noel Acciari Pavel Buchnevich 40 1 2 2
4 vs 4 Defense
Defense Defense Time % Phy DF OF
1 Collin Miller Jaccob Slavin 60 1 2 2
2 Michael Matheson Zach Trotman 40 1 2 2
Last Minutes Offensive
Center Left Wing Right Wing Defense Defense
Noel Acciari Michael Raffl Pavel Buchnevich Michael Matheson Jaccob Slavin
Last Minutes Defensive
Center Left Wing Right Wing Defense Defense
Miro Aaltonen Michael Raffl Josh Bailey Zach Trotman Jaccob Slavin
Goaltenders
Starting : Ben Scrivens
Backup : Eamon McAdam
Extra Forwards
Normal : Pavel Buchnevich, Linden Vey, Michael Raffl - PP : Josh Bailey, Michael Raffl - PK : Michael Raffl
Extra Defensemen
Normal : Jaccob Slavin, Zach Trotman, Michael Matheson - PP : Jaccob Slavin - PK : Jaccob Slavin, Michael Matheson
Penalty Shots
Michael Raffl, Noel Acciari, Pavel Buchnevich, Josh Bailey, Linden Vey
Scratches
Zach Nastasiuk (Healthy), Cody Bass (Healthy), Alan Quine (Healthy), Matt Puempel (Healthy), David Shields (Healthy)
Trevor Moore (Healthy), Scott Wilson (Healthy), Curtis Valk (Healthy), Anthony Louis (Healthy), Brett Connolly (Healthy)
Travis Boyd (Healthy), Nicolas Petan (Healthy), Vince Hinostroza (Healthy), Anton Blidh (Healthy), A.J. Jenks (Healthy)
Connor Knapp (Healthy), Magnus Hellberg (Healthy), Philippe Desrosiers (Healthy), Ville Husso (Healthy)
% Time on Ice - Senators
Lines # - Real PCT - Wanted PCT - Time Play
Normal Forward
1 - 32% - 40% - 16:48
2 - 26% - 30% - 13:23
3 - 21% - 20% - 10:49
4 - 21% - 10% - 10:54
Normal Defense
1 - 38% - 40% - 19:29
2 - 32% - 30% - 16:44
3 - 25% - 20% - 13:04
4 - 5% - 10% - 2:37
PP Forward
1 - 71% - 60% - 4:24
2 - 29% - 40% - 1:48
PP Defense
1 - 72% - 60% - 4:27
2 - 28% - 40% - 1:45
PK Forward
1 - 88% - 60% - 1:40
2 - 12% - 40% - 0:14
PK Defense
1 - 50% - 60% - 0:57
2 - 50% - 40% - 0:57
PK3 Forward
1 - 0% - 60%
2 - 0% - 40%
PK3 Defense
1 - 0% - 60%
2 - 0% - 40%
44 Forward
1 - 0% - 60%
2 - 0% - 40%
44 Defense
1 - 0% - 60%
2 - 0% - 40%
Last Minute Offensive - 0:00
Last Minute Defensive - 0:00
Total
Forward - 60:00
Defense - 60:00
|
% Time on Ice - Knights
Lines # - Real PCT - Wanted PCT - Time Play
Normal Forward
1 - 35% - 40% - 17:58
2 - 29% - 30% - 15:17
3 - 20% - 20% - 10:25
4 - 16% - 10% - 8:14
Normal Defense
1 - 38% - 40% - 19:45
2 - 32% - 32% - 16:30
3 - 25% - 18% - 13:12
4 - 5% - 10% - 2:27
PP Forward
1 - 61% - 60% - 1:10
2 - 39% - 40% - 0:44
PP Defense
1 - 63% - 60% - 1:12
2 - 37% - 40% - 0:42
PK Forward
1 - 68% - 60% - 4:14
2 - 32% - 40% - 1:58
PK Defense
1 - 69% - 60% - 4:17
2 - 31% - 40% - 1:55
PK3 Forward
1 - 0% - 60%
2 - 0% - 40%
PK3 Defense
1 - 0% - 60%
2 - 0% - 40%
44 Forward
1 - 0% - 60%
2 - 0% - 40%
44 Defense
1 - 0% - 60%
2 - 0% - 40%
Last Minute Offensive - 0:00
Last Minute Defensive - 0:00
Total
Forward - 60:00
Defense - 60:00
|
Play-by-Play
1st period
0:01 of 1st period - Pavel Buchnevich wins face-off versus Stephane Da Costa in neutral zone.
0:12 of 1st period - Snap shot by Pavel Buchnevich.
0:12 of 1st period - Shot Misses the Net.
0:14 of 1st period - Wrist shot by Noel Acciari.
0:14 of 1st period - Deflect By Ronalds Kenins.
0:14 of 1st period - Shot Misses the Net.
0:14 of 1st period - Puck is out of play.
0:15 of 1st period - Tommy Wingels wins face-off versus Miro Aaltonen in Senators zone.
0:42 of 1st period - Brandon Saad is hit by Andy Andreoff and loses puck.
1:56 of 1st period - Slapshot by Chandler Stephenson.
1:56 of 1st period - Shot Blocked by Ludwig Bystrom.
1:58 of 1st period - Backhand shot by Keegan Lowe.
1:58 of 1st period - Stopped by Ben Scrivens with a rebound.
2:10 of 1st period - Grant Besse is hit by Miro Aaltonen and loses puck.
2:19 of 1st period - Snap shot by Phil Di Giuseppe.
2:19 of 1st period - Stopped by Ben Scrivens with a rebound.
2:21 of 1st period - Slapshot by Dylan Blujus.
2:21 of 1st period - Stopped by Ben Scrivens without a rebound.
2:22 of 1st period - Tommy Wingels wins face-off versus Noel Acciari in Knights zone.
3:29 of 1st period - Samuel Morin is hit by Ronalds Kenins.
4:01 of 1st period - Snap shot by Jordan Martinook.
4:01 of 1st period - Stopped by Brad Thiessen without a rebound.
4:02 of 1st period - Stephane Da Costa wins face-off versus Brendan Gaunce in Senators zone.
4:13 of 1st period - Slapshot by Jordan Martinook.
4:13 of 1st period - Shot Misses the Net.
4:15 of 1st period - Slapshot by Jordan Martinook.
4:15 of 1st period - Shot Blocked by Mason Geertsen.
4:17 of 1st period - Slapshot by Matthew Benning.
4:17 of 1st period - Shot Blocked by Mason Geertsen.
4:19 of 1st period - Wrist shot by Tom Wilson.
4:19 of 1st period - Shot Misses the Net.
4:21 of 1st period - Slapshot by Ludwig Bystrom.
4:21 of 1st period - Stopped by Brad Thiessen without a rebound.
4:22 of 1st period - Noel Acciari wins face-off versus Tommy Wingels in Senators zone.
5:11 of 1st period - Off-side.
5:12 of 1st period - Stephane Da Costa wins face-off versus Boone Jenner in neutral zone.
5:48 of 1st period - Snap shot by Stephane Da Costa.
5:48 of 1st period - Stopped by Ben Scrivens without a rebound.
5:49 of 1st period - Tommy Wingels wins face-off versus Noel Acciari in Knights zone.
6:00 of 1st period - Snap shot by Tommy Wingels.
6:00 of 1st period - Shot Blocked by Matthew Benning.
6:14 of 1st period - Olli Maatta is hit by Ludwig Bystrom and loses puck.
6:23 of 1st period - Wrist shot by Sebastian Wannstrom.
6:23 of 1st period - Shot Blocked by Matthew Benning.
6:37 of 1st period - Snap shot by Phil Di Giuseppe.
6:37 of 1st period - Stopped by Ben Scrivens without a rebound.
6:38 of 1st period - Stephane Da Costa wins face-off versus Miro Aaltonen in Knights zone.
6:41 of 1st period - Slapshot by Stephane Da Costa.
6:41 of 1st period - Shot Misses the Net.
6:49 of 1st period - Wrist shot by Miro Aaltonen.
6:49 of 1st period - Shot Misses the Net.
7:13 of 1st period - Slapshot by Boone Jenner.
7:13 of 1st period - Shot Blocked by Stephane Da Costa.
7:15 of 1st period - Snap shot by Brandon Saad.
7:15 of 1st period - Shot Misses the Net.
8:31 of 1st period - Snap shot by Tommy Wingels.
8:31 of 1st period - Stopped by Ben Scrivens without a rebound.
8:32 of 1st period - Tommy Wingels wins face-off versus Boone Jenner in Knights zone.
8:35 of 1st period - Wrist shot by Tomas Jurco.
8:35 of 1st period - Stopped by Ben Scrivens with a rebound.
8:42 of 1st period - Off-side.
8:43 of 1st period - Pavel Buchnevich wins face-off versus Stephane Da Costa in neutral zone.
8:50 of 1st period - Snap shot by Pavel Buchnevich.
8:50 of 1st period - Goal by Pavel Buchnevich - Senators : 0 - Knights : 1.
8:51 of 1st period - Noel Acciari wins face-off versus Stephane Da Costa in neutral zone.
9:16 of 1st period - Michael Raffl is hit by Tomas Jurco and loses puck.
9:21 of 1st period - Wrist shot by Tommy Wingels.
9:21 of 1st period - Shot Misses the Net.
9:23 of 1st period - Wrist shot by Nick Foligno.
9:23 of 1st period - Goal by Nick Foligno - Senators : 1 - Knights : 1.
9:24 of 1st period - Noel Acciari wins face-off versus Stephane Da Costa in neutral zone.
9:30 of 1st period - Off-side.
9:31 of 1st period - Pavel Buchnevich wins face-off versus Stephane Da Costa in neutral zone.
9:42 of 1st period - Slapshot by Ronalds Kenins.
9:42 of 1st period - Deflect By Pavel Buchnevich.
9:42 of 1st period - Shot Misses the Net.
9:42 of 1st period - Puck is out of play.
9:43 of 1st period - Tommy Wingels wins face-off versus Noel Acciari in Senators zone.
9:48 of 1st period - Slapshot by Arturs Kulda.
9:48 of 1st period - Stopped by Ben Scrivens with a rebound.
9:50 of 1st period - Slapshot by Arturs Kulda.
9:50 of 1st period - Deflect By Nick Foligno.
9:50 of 1st period - Shot Misses the Net.
9:50 of 1st period - Puck is out of play.
9:51 of 1st period - Noel Acciari wins face-off versus Tommy Wingels in Knights zone.
10:15 of 1st period - Snap shot by Tomas Jurco.
10:15 of 1st period - Shot Blocked by Jaccob Slavin.
10:17 of 1st period - Slapshot by Olli Maatta.
10:17 of 1st period - Stopped by Ben Scrivens without a rebound.
10:18 of 1st period - Miro Aaltonen wins face-off versus Stephane Da Costa in Knights zone.
10:20 of 1st period - Minor Penalty to Miro Aaltonen for Roughing.
10:21 of 1st period - Noel Acciari wins face-off versus Stephane Da Costa in Knights zone.
10:35 of 1st period - Wrist shot by Gabriel Bourque.
10:35 of 1st period - Goal by Gabriel Bourque - Senators : 2 - Knights : 1.
10:36 of 1st period - Miro Aaltonen wins face-off versus Stephane Da Costa in neutral zone.
11:01 of 1st period - Sebastian Wannstrom is hit by Collin Miller and loses puck.
11:10 of 1st period - Wrist shot by Noel Acciari.
11:10 of 1st period - Shot Misses the Net.
11:18 of 1st period - Minor Penalty to Jaccob Slavin for Hooking.
11:19 of 1st period - Stephane Da Costa wins face-off versus Noel Acciari in Knights zone.
13:18 of 1st period - Penalty to Jaccob Slavin is over, Jaccob Slavin is back on ice.
13:27 of 1st period - Matthew Benning is hit by Scott Harrington and loses puck.
13:46 of 1st period - Samuel Morin is hit by Matthew Benning and loses puck.
13:51 of 1st period - Snap shot by Pavel Buchnevich.
13:51 of 1st period - Stopped by Brad Thiessen without a rebound.
13:52 of 1st period - Brendan Gaunce wins face-off versus Chandler Stephenson in Senators zone.
14:53 of 1st period - Wrist shot by Tomas Jurco.
14:53 of 1st period - Stopped by Ben Scrivens without a rebound.
14:54 of 1st period - Noel Acciari wins face-off versus Tommy Wingels in Knights zone.
15:30 of 1st period - Gabriel Bourque is hit by Ludwig Bystrom and loses puck.
16:22 of 1st period - Slapshot by Tommy Wingels.
16:22 of 1st period - Stopped by Ben Scrivens with a rebound.
16:24 of 1st period - Snap shot by Tommy Wingels.
16:24 of 1st period - Stopped by Ben Scrivens with a rebound.
16:26 of 1st period - Wrist shot by Nick Foligno.
16:26 of 1st period - Shot Blocked by Zach Trotman.
16:50 of 1st period - Slapshot by Brandon Saad.
16:50 of 1st period - Shot Misses the Net.
17:05 of 1st period - Minor Penalty to Tom Wilson for Cross-checking.
17:06 of 1st period - Noel Acciari wins face-off versus Gabriel Bourque in Knights zone.
17:49 of 1st period - Icing by Gabriel Bourque.
17:50 of 1st period - Noel Acciari wins face-off versus Stephane Da Costa in Senators zone.
18:21 of 1st period - Slapshot by Gabriel Bourque.
18:21 of 1st period - Shot Misses the Net.
18:23 of 1st period - Slapshot by Arturs Kulda.
18:23 of 1st period - Shot Misses the Net.
18:25 of 1st period - Snap shot by Matt Frattin.
18:25 of 1st period - Shot Misses the Net.
18:27 of 1st period - Slapshot by Olli Maatta.
18:27 of 1st period - Shot Misses the Net.
18:43 of 1st period - Slapshot by Stephane Da Costa.
18:43 of 1st period - Shot Misses the Net.
18:45 of 1st period - Snap shot by Matt Frattin.
18:45 of 1st period - Shot Misses the Net.
18:47 of 1st period - Slapshot by Stephane Da Costa.
18:47 of 1st period - Stopped by Ben Scrivens with a rebound.
19:05 of 1st period - Penalty to Tom Wilson is over, Tom Wilson is back on ice.
19:09 of 1st period - Michael Raffl is hit by Stephane Da Costa and loses puck.
19:32 of 1st period - Wrist shot by Matt Frattin.
19:32 of 1st period - Stopped by Ben Scrivens without a rebound.
19:33 of 1st period - Tommy Wingels wins face-off versus Boone Jenner in Knights zone.
19:59 of 1st period - Zemgus Girgensons is hit by Tom Wilson and loses puck.
Goals for this period are 2 for Senators vs 1 for Knights.
Shots for this period are 16 for Senators vs 4 for Knights.
2nd period
0:01 of 2nd period - Stephane Da Costa wins face-off versus Miro Aaltonen in neutral zone.
0:27 of 2nd period - Minor Penalty to Collin Miller for Hooking.
0:28 of 2nd period - Stephane Da Costa wins face-off versus Noel Acciari in Knights zone.
0:53 of 2nd period - Tommy Wingels is hit by Jaccob Slavin and loses puck.
1:02 of 2nd period - Snap shot by Nick Foligno.
1:02 of 2nd period - Stopped by Ben Scrivens without a rebound.
1:03 of 2nd period - Noel Acciari wins face-off versus Gabriel Bourque in Knights zone.
2:27 of 2nd period - Penalty to Collin Miller is over, Collin Miller is back on ice.
2:29 of 2nd period - Icing by Olli Maatta.
2:30 of 2nd period - Brendan Gaunce wins face-off versus Tommy Wingels in Senators zone.
2:45 of 2nd period - Snap shot by Brendan Gaunce.
2:45 of 2nd period - Shot Blocked by Arturs Kulda.
2:57 of 2nd period - Sebastian Wannstrom is hit by Brandon Saad.
3:53 of 2nd period - Josh Bailey is hit by Dylan Blujus and loses puck.
4:00 of 2nd period - Dylan Blujus is hit by Miro Aaltonen and loses puck.
4:15 of 2nd period - Brandon Saad is hit by Arturs Kulda and loses puck.
4:30 of 2nd period - Snap shot by Noel Acciari.
4:30 of 2nd period - Stopped by Brad Thiessen without a rebound.
4:31 of 2nd period - Noel Acciari wins face-off versus Tommy Wingels in Senators zone.
4:34 of 2nd period - Backhand shot by Noel Acciari.
4:34 of 2nd period - Goal by Noel Acciari - Senators : 2 - Knights : 2.
4:35 of 2nd period - Noel Acciari wins face-off versus Stephane Da Costa in neutral zone.
4:50 of 2nd period - Snap shot by Ronalds Kenins.
4:50 of 2nd period - Goal by Ronalds Kenins - Senators : 2 - Knights : 3.
4:51 of 2nd period - Gabriel Bourque wins face-off versus Miro Aaltonen in neutral zone.
4:53 of 2nd period - Minor Penalty to Matt Frattin for Interference.
4:54 of 2nd period - Noel Acciari wins face-off versus Stephane Da Costa in Senators zone.
4:54 of 2nd period - Slapshot by Jaccob Slavin.
4:54 of 2nd period - Goal by Jaccob Slavin - Senators : 2 - Knights : 4.
4:54 of 2nd period - Ben Bishop enters game.
4:55 of 2nd period - Stephane Da Costa wins face-off versus Josh Bailey in neutral zone.
5:20 of 2nd period - Nick Foligno is hit by Noel Acciari and loses puck.
5:42 of 2nd period - Off-side.
5:43 of 2nd period - Boone Jenner wins face-off versus Zemgus Girgensons in neutral zone.
6:00 of 2nd period - Slapshot by Linden Vey.
6:00 of 2nd period - Stopped by Ben Bishop with a rebound.
6:02 of 2nd period - Slapshot by Michael Matheson.
6:02 of 2nd period - Stopped by Ben Bishop with a rebound.
6:04 of 2nd period - Slapshot by Michael Matheson.
6:04 of 2nd period - Shot Blocked by Samuel Morin.
6:06 of 2nd period - Slapshot by Michael Matheson.
6:06 of 2nd period - Stopped by Ben Bishop with a rebound.
6:22 of 2nd period - Snap shot by Brandon Saad.
6:22 of 2nd period - Shot Misses the Net.
6:24 of 2nd period - Wrist shot by Linden Vey.
6:24 of 2nd period - Shot Blocked by Scott Harrington.
6:26 of 2nd period - Slapshot by Michael Matheson.
6:26 of 2nd period - Stopped by Ben Bishop with a rebound.
6:38 of 2nd period - Snap shot by Linden Vey.
6:38 of 2nd period - Deflect By Boone Jenner.
6:38 of 2nd period - Stopped by Ben Bishop with a rebound.
6:40 of 2nd period - Snap shot by Collin Miller.
6:40 of 2nd period - Deflect By Scott Harrington.
6:40 of 2nd period - Stopped by Ben Bishop without a rebound.
6:41 of 2nd period - Gabriel Bourque wins face-off versus Noel Acciari in Senators zone.
7:27 of 2nd period - Snap shot by Tom Wilson.
7:27 of 2nd period - Stopped by Ben Bishop without a rebound.
7:28 of 2nd period - Stephane Da Costa wins face-off versus Brendan Gaunce in Senators zone.
7:39 of 2nd period - Wrist shot by Stephane Da Costa.
7:39 of 2nd period - Shot Misses the Net.
7:53 of 2nd period - Samuel Morin is hit by Ronalds Kenins and loses puck.
8:04 of 2nd period - Wrist shot by Ronalds Kenins.
8:04 of 2nd period - Shot Misses the Net.
8:07 of 2nd period - Icing by Samuel Morin.
8:08 of 2nd period - Chandler Stephenson wins face-off versus Miro Aaltonen in Senators zone.
8:30 of 2nd period - Icing by Grant Besse.
8:31 of 2nd period - Noel Acciari wins face-off versus Chandler Stephenson in Senators zone.
8:59 of 2nd period - Wrist shot by Matt Frattin.
8:59 of 2nd period - Goal by Matt Frattin - Senators : 3 - Knights : 4.
9:00 of 2nd period - Stephane Da Costa wins face-off versus Noel Acciari in neutral zone.
9:25 of 2nd period - Nick Foligno is hit by Zach Trotman.
10:15 of 2nd period - Snap shot by Brendan Gaunce.
10:15 of 2nd period - Shot Blocked by Keegan Lowe.
10:37 of 2nd period - Wrist shot by Pavel Buchnevich.
10:37 of 2nd period - Shot Hit the Post.
10:43 of 2nd period - Noel Acciari is hit by Matt Frattin.
11:17 of 2nd period - Wrist shot by Linden Vey.
11:17 of 2nd period - Stopped by Ben Bishop with a rebound.
11:19 of 2nd period - Snap shot by Linden Vey.
11:19 of 2nd period - Goal by Linden Vey - Senators : 3 - Knights : 5.
11:20 of 2nd period - Stephane Da Costa wins face-off versus Noel Acciari in neutral zone.
11:31 of 2nd period - Wrist shot by Ronalds Kenins.
11:31 of 2nd period - Stopped by Ben Bishop with a rebound.
12:11 of 2nd period - Wrist shot by Sebastian Wannstrom.
12:11 of 2nd period - Stopped by Ben Scrivens with a rebound.
12:58 of 2nd period - Slapshot by Chandler Stephenson.
12:58 of 2nd period - Stopped by Ben Scrivens with a rebound.
13:06 of 2nd period - Samuel Morin is hit by Josh Bailey and loses puck.
13:23 of 2nd period - Snap shot by Linden Vey.
13:23 of 2nd period - Shot Misses the Net.
13:33 of 2nd period - Michael Matheson is hit by Nick Foligno and loses puck.
13:48 of 2nd period - Dylan Blujus is hit by Michael Matheson and loses puck.
14:03 of 2nd period - Snap shot by Boone Jenner.
14:03 of 2nd period - Shot Misses the Net.
14:13 of 2nd period - Snap shot by Boone Jenner.
14:13 of 2nd period - Stopped by Ben Bishop with a rebound.
14:17 of 2nd period - Wrist shot by Linden Vey.
14:17 of 2nd period - Shot Blocked by Dylan Blujus.
14:46 of 2nd period - Snap shot by Arturs Kulda.
14:46 of 2nd period - Shot Blocked by Jaccob Slavin.
14:48 of 2nd period - Slapshot by Olli Maatta.
14:48 of 2nd period - Shot Blocked by Jaccob Slavin.
14:50 of 2nd period - Slapshot by Arturs Kulda.
14:50 of 2nd period - Stopped by Ben Scrivens with a rebound.
15:14 of 2nd period - Wrist shot by Zemgus Girgensons.
15:14 of 2nd period - Deflect By Andy Andreoff.
15:14 of 2nd period - Shot Blocked by Linden Vey.
15:14 of 2nd period - Puck is out of play.
15:15 of 2nd period - Stephane Da Costa wins face-off versus Pavel Buchnevich in Knights zone.
15:26 of 2nd period - Wrist shot by Stephane Da Costa.
15:26 of 2nd period - Stopped by Ben Scrivens without a rebound.
15:27 of 2nd period - Stephane Da Costa wins face-off versus Noel Acciari in Knights zone.
15:40 of 2nd period - Wrist shot by Michael Matheson.
15:40 of 2nd period - Shot Misses the Net.
15:42 of 2nd period - Slapshot by Michael Matheson.
15:42 of 2nd period - Stopped by Ben Bishop with a rebound.
15:56 of 2nd period - Snap shot by Tomas Jurco.
15:56 of 2nd period - Shot Misses the Net.
15:58 of 2nd period - Slapshot by Samuel Morin.
15:58 of 2nd period - Shot Blocked by Ludwig Bystrom.
16:00 of 2nd period - Slapshot by Tommy Wingels.
16:00 of 2nd period - Stopped by Ben Scrivens with a rebound.
16:02 of 2nd period - Slapshot by Scott Harrington.
16:02 of 2nd period - Shot Misses the Net.
16:25 of 2nd period - Slapshot by Jordan Martinook.
16:25 of 2nd period - Stopped by Ben Bishop without a rebound.
16:26 of 2nd period - Stephane Da Costa wins face-off versus Noel Acciari in Senators zone.
16:31 of 2nd period - Matt Frattin is hit by Noel Acciari and loses puck.
16:48 of 2nd period - Ronalds Kenins is hit by Gabriel Bourque and loses puck.
17:22 of 2nd period - Icing by Phil Di Giuseppe.
17:23 of 2nd period - Brendan Gaunce wins face-off versus Chandler Stephenson in Senators zone.
17:38 of 2nd period - Slapshot by Brendan Gaunce.
17:38 of 2nd period - Shot Blocked by Samuel Morin.
17:40 of 2nd period - Slapshot by Collin Miller.
17:40 of 2nd period - Shot Misses the Net.
17:48 of 2nd period - Slapshot by Brendan Gaunce.
17:48 of 2nd period - Stopped by Ben Bishop with a rebound.
17:50 of 2nd period - Wrist shot by Jordan Martinook.
17:50 of 2nd period - Shot Misses the Net.
17:52 of 2nd period - Slapshot by Ludwig Bystrom.
17:52 of 2nd period - Stopped by Ben Bishop without a rebound.
17:53 of 2nd period - Noel Acciari wins face-off versus Stephane Da Costa in Senators zone.
17:54 of 2nd period - Snap shot by Pavel Buchnevich.
17:54 of 2nd period - Stopped by Ben Bishop with a rebound.
18:02 of 2nd period - Slapshot by Arturs Kulda.
18:02 of 2nd period - Shot Misses the Net.
18:04 of 2nd period - Snap shot by Arturs Kulda.
18:04 of 2nd period - Shot Blocked by Matthew Benning.
18:06 of 2nd period - Slapshot by Gabriel Bourque.
18:06 of 2nd period - Stopped by Ben Scrivens with a rebound.
18:08 of 2nd period - Slapshot by Stephane Da Costa.
18:08 of 2nd period - Stopped by Ben Scrivens without a rebound.
18:09 of 2nd period - Tommy Wingels wins face-off versus Miro Aaltonen in Knights zone.
18:23 of 2nd period - Off-side.
18:24 of 2nd period - Matt Frattin wins face-off versus Noel Acciari in neutral zone.
18:59 of 2nd period - Snap shot by Josh Bailey.
18:59 of 2nd period - Stopped by Ben Bishop without a rebound.
19:00 of 2nd period - Miro Aaltonen wins face-off versus Tommy Wingels in Senators zone.
19:15 of 2nd period - Snap shot by Josh Bailey.
19:15 of 2nd period - Shot Misses the Net.
19:32 of 2nd period - Slapshot by Stephane Da Costa.
19:32 of 2nd period - Stopped by Ben Scrivens with a rebound.
19:50 of 2nd period - Snap shot by Tom Wilson.
19:50 of 2nd period - Shot Misses the Net.
19:52 of 2nd period - Wrist shot by Brendan Gaunce.
19:52 of 2nd period - Shot Blocked by Gabriel Bourque.
19:54 of 2nd period - Slapshot by Tom Wilson.
19:54 of 2nd period - Shot Misses the Net.
19:56 of 2nd period - Snap shot by Jordan Martinook.
19:56 of 2nd period - Stopped by Ben Bishop with a rebound.
19:58 of 2nd period - Slapshot by Michael Matheson.
19:58 of 2nd period - Stopped by Ben Bishop with a rebound.
Goals for this period are 1 for Senators vs 4 for Knights.
Shots for this period are 10 for Senators vs 23 for Knights.
3rd period
0:01 of 3rd period - Noel Acciari wins face-off versus Stephane Da Costa in neutral zone.
0:25 of 3rd period - Tommy Wingels is hit by Michael Raffl and loses puck.
1:07 of 3rd period - Slapshot by Zach Trotman.
1:07 of 3rd period - Shot Blocked by Grant Besse.
1:42 of 3rd period - Icing by Dylan Blujus.
1:43 of 3rd period - Miro Aaltonen wins face-off versus Stephane Da Costa in Senators zone.
1:44 of 3rd period - Slapshot by Josh Bailey.
1:44 of 3rd period - Goal by Josh Bailey - Senators : 3 - Knights : 6.
1:45 of 3rd period - Matt Frattin wins face-off versus Noel Acciari in neutral zone.
1:50 of 3rd period - Slapshot by Stephane Da Costa.
1:50 of 3rd period - Shot Blocked by Ronalds Kenins.
2:12 of 3rd period - Icing by Josh Bailey.
2:13 of 3rd period - Miro Aaltonen wins face-off versus Tommy Wingels in Knights zone.
2:51 of 3rd period - Snap shot by Josh Bailey.
2:51 of 3rd period - Shot Misses the Net.
2:55 of 3rd period - Wrist shot by Michael Raffl.
2:55 of 3rd period - Stopped by Ben Bishop without a rebound.
2:56 of 3rd period - Stephane Da Costa wins face-off versus Noel Acciari in Senators zone.
3:09 of 3rd period - Wrist shot by Stephane Da Costa.
3:09 of 3rd period - Stopped by Ben Scrivens without a rebound.
3:10 of 3rd period - Noel Acciari wins face-off versus Stephane Da Costa in Knights zone.
3:21 of 3rd period - Snap shot by Ronalds Kenins.
3:21 of 3rd period - Deflect By Pavel Buchnevich.
3:21 of 3rd period - Stopped by Ben Bishop with a rebound.
3:32 of 3rd period - Icing by Jaccob Slavin.
3:33 of 3rd period - Boone Jenner wins face-off versus Tommy Wingels in Knights zone.
4:13 of 3rd period - Miro Aaltonen is hit by Tomas Jurco and loses puck.
4:40 of 3rd period - Wrist shot by Tom Wilson.
4:40 of 3rd period - Goal by Tom Wilson - Senators : 3 - Knights : 7.
4:41 of 3rd period - Noel Acciari wins face-off versus Stephane Da Costa in neutral zone.
5:29 of 3rd period - Slapshot by Arturs Kulda.
5:29 of 3rd period - Deflect By Phil Di Giuseppe.
5:29 of 3rd period - Stopped by Ben Scrivens with a rebound.
5:33 of 3rd period - Snap shot by Phil Di Giuseppe.
5:33 of 3rd period - Shot Blocked by Michael Matheson.
5:35 of 3rd period - Slapshot by Chandler Stephenson.
5:35 of 3rd period - Stopped by Ben Scrivens with a rebound.
6:40 of 3rd period - Wrist shot by Jordan Martinook.
6:40 of 3rd period - Shot Misses the Net.
6:54 of 3rd period - Stephane Da Costa is hit by Zach Trotman and loses puck.
7:24 of 3rd period - Wrist shot by Ronalds Kenins.
7:24 of 3rd period - Shot Blocked by Zemgus Girgensons.
7:36 of 3rd period - Tommy Wingels is hit by Ronalds Kenins and loses puck.
7:56 of 3rd period - Off-side.
7:57 of 3rd period - Chandler Stephenson wins face-off versus Miro Aaltonen in neutral zone.
8:02 of 3rd period - Michael Matheson is hit by Scott Harrington and loses puck.
8:13 of 3rd period - Wrist shot by Miro Aaltonen.
8:13 of 3rd period - Stopped by Ben Bishop with a rebound.
8:15 of 3rd period - Snap shot by Josh Bailey.
8:15 of 3rd period - Shot Misses the Net.
8:17 of 3rd period - Snap shot by Michael Raffl.
8:17 of 3rd period - Shot Misses the Net.
8:47 of 3rd period - Slapshot by Miro Aaltonen.
8:47 of 3rd period - Shot Blocked by Grant Besse.
8:49 of 3rd period - Snap shot by Michael Raffl.
8:49 of 3rd period - Stopped by Ben Bishop with a rebound.
9:34 of 3rd period - Icing by Grant Besse.
9:35 of 3rd period - Chandler Stephenson wins face-off versus Noel Acciari in Senators zone.
10:08 of 3rd period - Snap shot by Matt Frattin.
10:08 of 3rd period - Stopped by Ben Scrivens without a rebound.
10:09 of 3rd period - Stephane Da Costa wins face-off versus Ronalds Kenins in Knights zone.
10:12 of 3rd period - Snap shot by Stephane Da Costa.
10:12 of 3rd period - Shot Misses the Net.
10:14 of 3rd period - Snap shot by Stephane Da Costa.
10:14 of 3rd period - Stopped by Ben Scrivens with a rebound.
10:16 of 3rd period - Slapshot by Keegan Lowe.
10:16 of 3rd period - Stopped by Ben Scrivens with a rebound.
10:18 of 3rd period - Snap shot by Stephane Da Costa.
10:18 of 3rd period - Shot Misses the Net.
10:20 of 3rd period - Snap shot by Stephane Da Costa.
10:20 of 3rd period - Goal by Stephane Da Costa - Senators : 4 - Knights : 7.
10:21 of 3rd period - Stephane Da Costa wins face-off versus Noel Acciari in neutral zone.
10:31 of 3rd period - Icing by Zach Trotman.
10:32 of 3rd period - Noel Acciari wins face-off versus Stephane Da Costa in Knights zone.
10:59 of 3rd period - Snap shot by Pavel Buchnevich.
10:59 of 3rd period - Shot Blocked by Arturs Kulda.
11:03 of 3rd period - Snap shot by Noel Acciari.
11:03 of 3rd period - Stopped by Ben Bishop with a rebound.
11:05 of 3rd period - Slapshot by Zach Trotman.
11:05 of 3rd period - Shot Blocked by Arturs Kulda.
11:07 of 3rd period - Slapshot by Noel Acciari.
11:07 of 3rd period - Deflect By Pavel Buchnevich.
11:07 of 3rd period - Stopped by Ben Bishop with a rebound.
11:09 of 3rd period - Wrist shot by Pavel Buchnevich.
11:09 of 3rd period - Shot Misses the Net.
11:11 of 3rd period - Wrist shot by Noel Acciari.
11:11 of 3rd period - Deflect By Pavel Buchnevich.
11:11 of 3rd period - Shot Misses the Net.
11:11 of 3rd period - Puck is out of play.
11:12 of 3rd period - Stephane Da Costa wins face-off versus Miro Aaltonen in Senators zone.
11:51 of 3rd period - Snap shot by Andy Andreoff.
11:51 of 3rd period - Stopped by Ben Scrivens with a rebound.
11:55 of 3rd period - Snap shot by Andy Andreoff.
11:55 of 3rd period - Stopped by Ben Scrivens with a rebound.
12:05 of 3rd period - Michael Matheson is hit by Nick Foligno.
12:25 of 3rd period - Snap shot by Pavel Buchnevich.
12:25 of 3rd period - Shot Blocked by Olli Maatta.
13:57 of 3rd period - Dylan Blujus is hit by Josh Bailey and loses puck.
14:52 of 3rd period - Dylan Blujus is hit by Boone Jenner and loses puck.
15:27 of 3rd period - Sebastian Wannstrom is hit by Pavel Buchnevich and loses puck.
15:36 of 3rd period - Snap shot by Pavel Buchnevich.
15:36 of 3rd period - Shot Misses the Net.
15:46 of 3rd period - Snap shot by Josh Bailey.
15:46 of 3rd period - Stopped by Ben Bishop without a rebound.
15:47 of 3rd period - Miro Aaltonen wins face-off versus Stephane Da Costa in Senators zone.
16:14 of 3rd period - Slapshot by Tommy Wingels.
16:14 of 3rd period - Shot Blocked by Jaccob Slavin.
17:20 of 3rd period - Off-side.
17:21 of 3rd period - Chandler Stephenson wins face-off versus Miro Aaltonen in neutral zone.
18:06 of 3rd period - Minor Penalty to Grant Besse for Hooking.
18:07 of 3rd period - Gabriel Bourque wins face-off versus Noel Acciari in Senators zone.
18:15 of 3rd period - Scott Harrington is hit by Noel Acciari and loses puck.
19:28 of 3rd period - Zach Trotman is hit by Olli Maatta and loses puck.
Goals for this period are 1 for Senators vs 2 for Knights.
Shots for this period are 9 for Senators vs 9 for Knights.
Back to the Top